 Dungeon Crawl Stone Soup version 0.17-a0-1887-g3e50df6 (webtiles) character file.

1558 Copingsaw the Changer (level 8, 0/48 HPs)
             Began as an Octopode Transmuter on Sept 24, 2015.
             Slain by a sky beast (5 damage)
             ... on level 6 of the Dungeon.
             The game lasted 00:29:59 (9597 turns).

Copingsaw the Changer (Octopode Transmuter)         Turns: 9597, Time: 00:29:59

Health: 0/48       AC:  1    Str:  9    XL:     8   Next: 89%
Magic:  12/12      EV: 14    Int: 16    God:
Gold:   410        SH:  0    Dex: 14    Spells: 4 memorised, 5 levels left

rFire  . . .     SeeInvis .       - Unarmed
rCold  . . .     Clarity  .     (no shield)
rNeg   . . .     SustAt   .     (helmet restricted)
rPois  .         Gourm    .     v - amulet of rage
rElec  .         Spirit   .     u - ring of flight
rCorr  .         Warding  .     (no ring)
rMut   .         Stasis   .     (no ring)
MR     .....                    (no ring)
Stlth  ++++......               (no ring)
                                (no ring)
                                (no ring)
                                (no ring)

@: appendage, repel missiles, not resistant to hostile enchantments, stealthy
A: almost no armour, amphibious, 8 rings, constrict 8, tentacle spike 3,
camouflage 1, gelatinous body 1
a: End Transformation, Evoke Berserk Rage, Evoke Flight


You were on level 6 of the Dungeon.
You were not hungry.
One of your tentacles had a temporary spike.
You visited 2 branches of the dungeon, and saw 7 of its levels.

You collected 410 gold pieces.

Inventory:

Hand weapons
 h - a +1 hunting sling
Missiles
 a - 73 arrows
 f - 47 sling bullets
 m - 75 poisoned needles
 p - 6 tomahawks (quivered)
Jewellery
 u - a ring of flight (left tentacle)
 v - an amulet of rage (around mantle)
Scrolls
 d - 2 scrolls of noise {unknown}
 j - a scroll of enchant weapon
 k - 2 scrolls of recharging {unknown}
 n - a scroll of fog {unknown}
 o - a scroll of enchant armour {unknown}
 q - 2 scrolls of amnesia {unknown}
 r - 4 scrolls of remove curse
 s - a scroll of identify
 w - a scroll of silence {unknown}
Potions
 e - 3 potions of curing
 l - a potion of lignification {unknown}
 t - a potion of brilliance {unknown}
 x - a potion of agility {unknown}
 z - a potion of flight {unknown}
Books
 b - a book of Changes

   Spells                             Type                      Level
   a - Beastly Appendage              Transmutation                1
   b - Sticks to Snakes               Transmutation                2
   c - Spider Form                    Transmutation/Poison         3
   d - Ice Form                       Ice/Transmutation            4
   e - Blade Hands                    Transmutation                5
 y - a book of Air

   Spells                             Type                      Level
   a - Shock                          Conjuration/Air              1
   b - Swiftness                      Charms/Air                   2
   c - Repel Missiles                 Charms/Air                   2
   d - Static Discharge               Conjuration/Air              3
   e - Lightning Bolt                 Conjuration/Air              5
 B - an Akashic Record

   Spells                             Type                      Level
   a - Dispersal                      Translocation                6
   b - Controlled Blink               Translocation                7
   c - Malign Gateway                 Summoning/Translocation      7
   d - Disjunction                    Translocation                8
Comestibles
 c - 4 bread rations
 g - 2 meat rations
 i - 2 chunks of flesh


   Skills:
 - Level 1.4 Fighting
 - Level 0.2 Slings
 + Level 4.8 Dodging
 + Level 4.4 Stealth
 + Level 5.3 Unarmed Combat
 - Level 3.0 Spellcasting
 * Level 7.8 Transmutations
 + Level 1.0 Poison Magic


You had 5 spell levels left.
You knew the following spells:

 Your Spells              Type           Power        Failure   Level  Hunger
a - Beastly Appendage     Trmt           ####..       1%          1    #......
b - Sticks to Snakes      Trmt           ####......   1%          2    ##.....
c - Spider Form           Trmt/Pois      ###.......   12%         3    ###....
d - Repel Missiles        Chrm/Air       #.....       30%         2    ##.....


Dungeon Overview and Level Annotations

Branches:
Dungeon (6/15)             Temple (1/1) D:4

Altars:
Ashenzari
Dithmenos
Elyvilon
Fedhas
Gozag
Kikubaaqudgha
Makhleb
Okawaru
Qazlal
Ru
Sif Muna
Trog
Vehumet
Yredelemnul
Zin
The Shining One


Innate Abilities, Weirdness & Mutations

You cannot wear most types of armour.
You are amphibious.
You can wear up to eight rings at the same time.
You can use your tentacles to constrict eight enemies at once.
Your skin changes colour to match your surroundings (Stealth).
Your rubbery body absorbs attacks (AC +1).
One of your tentacles bears a large vicious spike.


Message History

The sky beast closely misses you.
You barely miss the sky beast.
You pierce the sky beast, but do no damage.
You squeeze the sky beast.
The sky beast is severely wounded.
The sky beast flickers out of sight!
Deactivating autopickup; reactivate with Ctrl-A.
Something hits you. Something shocks you.
You barely miss something. Your squeeze misses something. Something hits you.
Something shocks you.
You barely miss something.
Your tentacle spike misses something.
Something hits you. Something shocks you.
* * * LOW HITPOINT WARNING * * *
You closely miss something.
You pierce something.
Your squeeze misses something. Something hits you.
* * * LOW HITPOINT WARNING * * *
Something shocks you.
* * * LOW HITPOINT WARNING * * *
You barely miss something.
You pierce something.
Something hits you.
You die...

...............# #.....<.⌠.#
...............# #.........#
...............# #..#⌠....##
...............# #..##...##
...............# #..###.##..
...............# #...##.. ...
.............#####............
............####.{.# .. ...
..........####..@.#
####....#####....##
##.....#....### #..#.......#
#..######....# #..# ####...#
#.. ##5. ..# # ###


There were no monsters in sight!

Vanquished Creatures
  Grinder (D:6)
  2 ice beasts (D:6)
  2 ogres
  2 centaurs (D:5)
  A giant frog (D:6)
  3 crimson imps
  3 hounds
  A quasit (D:5)
  An orc priest (D:3)
  Ijyb (D:2)
  A centaur skeleton (D:6)
  2 orc wizards
  5 worker ants
  9 adders
  A worker ant zombie (D:6)
  4 gnolls
  A shadow imp (D:5)
  5 worms
  2 giant geckos (D:1)
  10 orcs
  10 bats
  10 hobgoblins
  A quokka (D:2)
  A ball python (D:1)
  7 giant cockroaches
  9 giant newts
  16 goblins
  11 jackals
  9 kobolds
  A quokka skeleton (D:6)
  A quokka zombie (D:6)
  10 rats
143 creatures vanquished.

Vanquished Creatures (collateral kills)
  A giant frog (D:6)
  Robin (D:2)
  An adder (D:4)
  An orc (D:3)
4 creatures vanquished.

Grand Total: 147 creatures vanquished

Notes
Turn   | Place    | Note
--------------------------------------------------------------
     0 | D:1      | Copingsaw the Octopode Transmuter began the quest for the Orb.
     0 | D:1      | Reached XP level 1. HP: 13/13 MP: 3/3
   605 | D:1      | Reached XP level 2. HP: 9/18 MP: 3/5
  1364 | D:1      | Reached XP level 3. HP: 11/23 MP: 4/6
  1368 | D:1      | Learned a level 2 spell: Sticks to Snakes
  1372 | D:1      | Learned a level 3 spell: Spider Form
  1926 | D:1      | Reached skill level 1 in Stealth
  2700 | D:1      | Reached XP level 4. HP: 20/28 MP: 8/8
  3010 | D:2      | Noticed Robin
  3066 | D:2      | Killed Robin
  3479 | D:2      | Noticed Ijyb
  3492 | D:2      | Killed Ijyb
  3492 | D:2      | Reached XP level 5. HP: 25/33 MP: 9/9
  3575 | D:2      | Found a deep blue altar of Sif Muna.
  4529 | D:3      | Found an opulent altar of Gozag.
  4649 | D:3      | Reached XP level 6. HP: 27/38 MP: 8/10
  4810 | D:3      | Reached skill level 4 in Transmutations
  5747 | D:4      | Found a staircase to the Ecumenical Temple.
  5915 | Temple   | Entered the Ecumenical Temple
  6010 | D:4      | Reached skill level 5 in Transmutations
  6010 | D:4      | Reached XP level 7. HP: 43/43 MP: 7/11
  6748 | D:4      | Found a basalt altar of Yredelemnul.
  6772 | D:4      | HP: 1/43 [orc (5)]
  7336 | D:5      | Entered Level 5 of the Dungeon
  7472 | D:5      | Found a shadowy altar of Dithmenos.
  7694 | D:5      | Reached skill level 6 in Transmutations
  7849 | D:5      | Reached XP level 8. HP: 48/48 MP: 10/12
  8132 | D:5      | Learned a level 2 spell: Repel Missiles
  8467 | D:6      | Noticed Grinder
  8493 | D:6      | Killed Grinder
  8555 | D:6      | Reached skill level 5 in Unarmed Combat
  8555 | D:6      | Reached skill level 7 in Transmutations
  9041 | D:6      | Found a bloodstained altar of Trog.
  9386 | D:6      | Found a white marble altar of Elyvilon.
  9403 | D:6      | Reached skill level 1 in Poison Magic
  9597 | D:6      | Slain by a sky beast

Vault maps used:
D:1:      grunt_arrival_lava_bath
D:2:      lemuel_blue_sif_altar, first_bread, uniq_iyjb, uniq_robin
D:3:      nicolae_gozag_seed_capital, dk_noncrumbling_3
D:4:      old_standard_altar, minmay_temple_entry_large_hall
D:5:      nicolae_dithmenos_the_darkroom
D:6:      lemuel_coloured_pillars_altar, amethyst_overflow_temple_binary,
          basic_altar, minmay_item_behind_shaft, grunt_ministairs_1,
          trog_wizard, uniq_pikel, uniq_grinder
Temple:   circular_temple_pool_12

Action                   |  1- 3 |  4- 6 |  7- 9 || total
-------------------------+-------+-------+-------++-------
Melee: Unarmed           |   112 |   162 |   182 ||   456
 Fire: Hunting sling     |       |     6 |       ||     6
Throw: Tomahawk          |       |    17 |       ||    17
 Cast: Beastly Appendage |    35 |    45 |    23 ||   103
       Sticks to Snakes  |       |     3 |    14 ||    17
       Spider Form       |       |     1 |     6 ||     7
       Repel Missiles    |       |       |     1 ||     1
  Use: Scroll            |       |     3 |     2 ||     5
 Stab: Sleeping          |     4 |     6 |     4 ||    14
       Distracted        |       |       |     1 ||     1
  Eat: Chunk             |     6 |     6 |     4 ||    16
       Meat ration       |       |     1 |     1 ||     2
       Royal jelly       |       |       |     1 ||     1
       Beef jerky        |       |       |     1 ||     1
